[ AOE2 MATCH · #507358450 ]
UnrankedPoles vs Chinese
Player's team · LOSS
Rival team · WIN
[ REPLAY ANALYSIS · EXTRACTED FROM THE RECORDED GAME ]
Feudal
16:59
Castle
25:52
Imperial
—
| APM avg | 64.9 |
| APM peak | 122 |
| eAPM avg | 32.5 |
| Villagers / military | 97 / 258 |
Focus
⚔️ 61.6% · 🌾 38.4%
Scout Cavalry ×216 · Obuch ×23 · Battering Ram ×11 · Militia ×8
Feudal
11:15
Castle
22:54
Imperial
38:30
| APM avg | 56.2 |
| APM peak | 94 |
| eAPM avg | 32.5 |
| Villagers / military | 167 / 139 |
Focus
⚔️ 35.4% · 🌾 64.6%
Archer ×50 · Spearman ×36 · Fire Lancer ×26 · Chu Ko Nu ×15 · Trebuchet (Packed) ×9 · Monk ×3
Match map
Initial resources + every placement click. Lines = walls · curves = elevation contours. ◆ gold · ⬟ stone · ● berries · ✦ relic · ◌ wall gap
Your base· ✓ Closed at 25:52 · 65t walls · 1 gate(s)
peke's base· ✓ Closed at 22:54 · 76t walls · 1 gate(s)
Smoothed initial terrain · ◌ = detected wall gap · hover for details
Inputs per minute
— Dr. Wiley!!! - - peke
Build order — Dr. Wiley!!!
First 150 of 443 actions detected
| 0:00 | Queue | Villager (Male) |
| 0:00 | Queue | Villager (Male) |
| 0:00 | Queue | Villager (Male) |
| 0:02 | Build | House |
| 0:02 | Build | House |
| 0:07 | Queue | Villager (Male) |
| 1:11 | Queue | Villager (Male) |
| 2:02 | Queue | Villager (Male) |
| 2:26 | Queue | Villager (Male) |
| 2:46 | Queue | Villager (Male) |
| 3:09 | Build | House |
| 3:11 | Queue | Villager (Male) |
| 3:16 | Build | Barracks |
| 3:36 | Queue | Villager (Male) |
| 3:42 | Build | Palisade Wall |
| 3:42 | Build | Palisade Wall |
| 3:43 | Build | Palisade Wall |
| 3:53 | Queue | Villager (Male) |
| 4:11 | Queue | Militia |
| 4:14 | Build | House |
| 4:16 | Build | House |
| 4:19 | Queue | Militia |
| 4:32 | Build | Palisade Wall |
| 4:36 | Build | Palisade Wall |
| 4:43 | Build | Palisade Wall |
| 4:44 | Build | Palisade Wall |
| 4:45 | Queue | Militia |
| 4:47 | Queue | Villager (Male) |
| 5:08 | Queue | Villager (Male) |
| 5:11 | Queue | Militia |
| 5:27 | Queue | Villager (Male) |
| 5:45 | Build | House |
| 5:49 | Build | Palisade Gate |
| 5:51 | Queue | Villager (Male) |
| 5:54 | Build | House |
| 6:17 | Queue | Militia |
| 6:26 | Queue | Villager (Male) |
| 6:27 | Queue | Villager (Male) |
| 6:39 | Build | House |
| 7:02 | Queue | Villager (Male) |
| 7:06 | Queue | Militia |
| 7:09 | Queue | Militia |
| 7:16 | Queue | Villager (Male) |
| 7:33 | Queue | Militia |
| 7:40 | Queue | Villager (Male) |
| 8:05 | Build | Mill |
| 8:09 | Queue | Villager (Male) |
| 8:16 | Queue | Villager (Male) |
| 8:16 | Queue | Villager (Male) |
| 8:57 | Queue | Villager (Male) |
| 9:07 | Build | Lumber Camp |
| 9:14 | Queue | Villager (Male) |
| 9:28 | Build | House |
| 9:40 | Queue | Villager (Male) |
| 9:58 | Build | House |
| 9:59 | Queue | Villager (Male) |
| 10:12 | Build | Lumber Camp |
| 10:23 | Build | Palisade Wall |
| 10:27 | Build | Palisade Wall |
| 10:29 | Build | Palisade Wall |
| 10:36 | Queue | Villager (Male) |
| 10:39 | Research | Loom |
| 10:40 | Queue | Villager (Male) |
| 10:51 | Queue | Villager (Male) |
| 10:55 | Build | Palisade Wall |
| 10:58 | Build | House |
| 11:15 | Build | Farm |
| 11:18 | Build | Farm |
| 11:20 | Queue | Villager (Male) |
| 11:40 | Queue | Villager (Male) |
| 11:50 | Build | Farm |
| 11:51 | Build | Farm |
| 11:51 | Build | Farm |
| 11:51 | Build | Farm |
| 12:03 | Build | House |
| 12:07 | Queue | Villager (Male) |
| 12:11 | Build | House |
| 12:15 | Queue | Villager (Male) |
| 12:20 | Build | House |
| 12:24 | Build | Palisade Wall |
| 12:35 | Queue | Villager (Male) |
| 12:43 | Build | Mill |
| 12:58 | Queue | Villager (Male) |
| 13:14 | Build | Farm |
| 13:17 | Build | Farm |
| 13:24 | Queue | Villager (Male) |
| 13:30 | Build | Palisade Wall |
| 13:38 | Build | Farm |
| 13:41 | Build | Farm |
| 14:04 | Queue | Villager (Male) |
| 14:11 | Build | Lumber Camp |
| 14:18 | Build | Farm |
| 14:29 | Queue | Villager (Male) |
| 14:38 | Research | Feudal Age |
| 14:47 | Build | Mining Camp |
| 15:22 | Queue | Villager (Male) |
| 15:25 | Build | House |
| 15:34 | Build | Farm |
| 15:36 | Build | Farm |
| 15:39 | Build | Farm |
| 15:42 | Build | Farm |
| 15:50 | Queue | Villager (Male) |
| 15:54 | Build | House |
| 16:00 | Queue | Villager (Male) |
| 16:04 | Build | House |
| 16:15 | Build | House |
| 16:22 | Build | Palisade Wall |
| 16:43 | Build | House |
| 16:45 | Build | House |
| 16:47 | Build | House |
| 16:50 | Build | House |
| 16:55 | Build | House |
| 16:59 | Age | Feudal Age |
| 17:02 | Build | Stone Wall |
| 17:03 | Build | Stone Wall |
| 17:07 | Research | Double-Bit Axe |
| 17:07 | Research | Horse Collar |
| 17:12 | Build | Stable |
| 17:17 | Queue | Villager (Male) |
| 17:26 | Build | Stone Wall |
| 17:33 | Research | Horse Collar |
| 17:38 | Queue | Villager (Male) |
| 17:53 | Build | Blacksmith |
| 17:57 | Queue | Villager (Male) |
| 18:07 | Queue | Scout Cavalry |
| 18:28 | Build | Stable |
| 18:29 | Queue | Scout Cavalry ×5 |
| 18:33 | Build | Watch Tower |
| 18:35 | Queue | Villager (Male) |
| 18:38 | Queue | Villager (Male) |
| 18:44 | Build | Palisade Wall |
| 18:49 | Build | Palisade Wall |
| 18:50 | Build | Palisade Wall |
| 18:54 | Queue | Scout Cavalry |
| 18:58 | Research | Scale Barding Armor |
| 18:59 | Queue | Villager (Male) |
| 19:04 | Build | Mill |
| 19:05 | Build | Farm |
| 19:06 | Build | Farm |
| 19:06 | Build | Farm |
| 19:06 | Build | Farm |
| 19:06 | Build | Farm |
| 19:11 | Queue | Villager (Male) |
| 19:17 | Queue | Scout Cavalry ×3 |
| 19:23 | Build | House |
| 19:26 | Build | Stone Wall |
| 19:28 | Build | Stone Wall |
| 19:29 | Queue | Scout Cavalry |
| 19:39 | Build | Farm |
| 19:46 | Queue | Scout Cavalry |
Build order — peke
First 150 of 560 actions detected
| 0:01 | Research | Loom |
| 0:42 | Queue | Villager (Male) |
| 0:42 | Queue | Villager (Male) |
| 1:10 | Queue | Villager (Male) |
| 1:11 | Queue | Villager (Male) |
| 1:11 | Queue | Villager (Male) |
| 1:39 | Queue | Villager (Male) |
| 1:39 | Queue | Villager (Male) |
| 1:53 | Build | Lumber Camp |
| 2:14 | Queue | Villager (Male) |
| 2:14 | Queue | Villager (Male) |
| 2:38 | Queue | Villager (Male) |
| 2:38 | Queue | Villager (Male) |
| 3:06 | Queue | Villager (Male) |
| 3:06 | Queue | Villager (Male) |
| 3:10 | Queue | Villager (Male) |
| 3:10 | Queue | Villager (Male) |
| 3:37 | Build | House |
| 3:53 | Queue | Villager (Male) |
| 3:54 | Queue | Villager (Male) |
| 3:54 | Queue | Villager (Male) |
| 4:13 | Build | Mill |
| 4:18 | Queue | Villager (Male) |
| 4:18 | Queue | Villager (Male) |
| 4:18 | Queue | Villager (Male) |
| 4:44 | Build | Palisade Wall |
| 4:49 | Build | Palisade Wall |
| 5:03 | Build | Palisade Wall |
| 5:15 | Build | Palisade Wall |
| 5:17 | Queue | Villager (Male) |
| 5:19 | Build | Palisade Wall |
| 5:30 | Build | Palisade Wall |
| 5:31 | Build | Palisade Wall |
| 5:31 | Build | Palisade Wall |
| 5:33 | Queue | Villager (Male) |
| 5:40 | Queue | Villager (Male) |
| 6:00 | Build | Palisade Wall |
| 6:04 | Queue | Villager (Male) |
| 6:28 | Queue | Villager (Male) |
| 6:30 | Build | House |
| 6:37 | Queue | Villager (Male) |
| 6:58 | Build | House |
| 7:19 | Build | Palisade Gate |
| 7:26 | Build | House |
| 7:27 | Queue | Villager (Male) |
| 7:32 | Build | Palisade Wall |
| 7:34 | Build | Palisade Wall |
| 7:50 | Queue | Villager (Male) |
| 8:01 | Build | Farm |
| 8:02 | Build | Farm |
| 8:03 | Build | Farm |
| 8:20 | Queue | Villager (Male) |
| 8:36 | Build | Palisade Wall |
| 8:37 | Build | Palisade Wall |
| 8:38 | Build | Palisade Wall |
| 8:41 | Build | Palisade Wall |
| 8:43 | Build | Palisade Wall |
| 8:57 | Build | Palisade Wall |
| 9:05 | Research | Feudal Age |
| 9:46 | Build | Lumber Camp |
| 9:51 | Build | Lumber Camp |
| 10:24 | Build | Palisade Wall |
| 10:44 | Build | Palisade Wall |
| 11:15 | Age | Feudal Age |
| 11:23 | Build | Barracks |
| 11:41 | Queue | Villager (Male) |
| 11:52 | Research | Double-Bit Axe |
| 11:52 | Research | Double-Bit Axe |
| 12:24 | Build | Archery Range |
| 12:41 | Queue | Villager (Male) |
| 12:49 | Queue | Villager (Male) |
| 13:03 | Build | Mining Camp |
| 13:04 | Queue | Archer |
| 13:23 | Queue | Villager (Male) |
| 13:25 | Build | Palisade Wall |
| 13:30 | Build | Palisade Wall |
| 13:42 | Queue | Archer |
| 13:50 | Build | Watch Tower |
| 13:52 | Queue | Villager (Male) |
| 13:54 | Queue | Archer |
| 14:00 | Build | Farm |
| 14:01 | Build | Farm |
| 14:08 | Build | House |
| 14:10 | Build | House |
| 14:12 | Build | Palisade Wall |
| 14:14 | Build | Palisade Wall |
| 14:16 | Build | Palisade Wall |
| 14:17 | Build | Palisade Wall |
| 14:17 | Build | Palisade Wall |
| 14:17 | Build | Palisade Wall |
| 14:23 | Queue | Archer |
| 14:27 | Queue | Villager (Male) |
| 14:49 | Build | Palisade Wall |
| 14:56 | Queue | Villager (Male) |
| 15:07 | Build | Blacksmith |
| 15:10 | Queue | Villager (Male) |
| 15:13 | Queue | Archer |
| 15:24 | Queue | Archer |
| 15:39 | Build | Mining Camp |
| 15:50 | Build | Palisade Wall |
| 15:50 | Build | Palisade Wall |
| 15:55 | Queue | Archer |
| 15:59 | Research | Fletching |
| 15:59 | Queue | Villager (Male) |
| 15:59 | Queue | Villager (Male) |
| 16:03 | Build | Farm |
| 16:04 | Build | Farm |
| 16:05 | Queue | Villager (Male) |
| 16:10 | Build | Palisade Wall |
| 16:16 | Queue | Archer |
| 16:19 | Queue | Villager (Male) |
| 16:21 | Build | House |
| 16:26 | Build | Palisade Wall |
| 16:29 | Build | Palisade Wall |
| 16:32 | Build | Palisade Wall |
| 16:32 | Queue | Archer |
| 17:01 | Build | Palisade Wall |
| 17:04 | Build | Farm |
| 17:05 | Build | Farm |
| 17:06 | Queue | Villager (Male) |
| 17:25 | Queue | Villager (Male) |
| 17:29 | Build | Farm |
| 17:37 | Build | Farm |
| 17:47 | Queue | Archer |
| 17:54 | Build | Palisade Wall |
| 17:56 | Build | Farm |
| 18:03 | Queue | Villager (Male) |
| 18:04 | Queue | Villager (Male) |
| 18:16 | Queue | Villager (Male) |
| 18:21 | Build | House |
| 18:48 | Queue | Archer |
| 18:51 | Build | Market |
| 19:33 | Build | Outpost |
| 20:14 | Research | Castle Age |
| 20:14 | Research | Castle Age |
| 20:32 | Build | Barracks |
| 20:51 | Research | Gold Mining |
| 21:09 | Research | Horse Collar |
| 21:09 | Research | Horse Collar |
| 21:23 | Build | Farm |
| 21:24 | Build | Farm |
| 22:05 | Queue | Spearman |
| 22:06 | Queue | Spearman |
| 22:09 | Build | Stone Wall |
| 22:11 | Build | House |
| 22:18 | Research | Scale Mail Armor |
| 22:26 | Build | Farm |
| 22:54 | Age | Castle Age |
| 22:55 | Queue | Fire Lancer |
| 22:55 | Queue | Fire Lancer |
Match timeline
| 3:16 | Dr. Wiley!!! · first_building Barracks |
| 3:42 | Dr. Wiley!!! · wall_segment Palisade Wall x1 |
| 3:42 | Dr. Wiley!!! · wall_segment Palisade Wall x1 |
| 3:43 | Dr. Wiley!!! · wall_segment Palisade Wall x1 |
| 4:32 | Dr. Wiley!!! · wall_segment Palisade Wall x1 |
| 4:36 | Dr. Wiley!!! · wall_segment Palisade Wall x1 |
| 4:43 | Dr. Wiley!!! · wall_segment Palisade Wall x1 |
| 4:44 | peke · wall_segment Palisade Wall x10 |
| 4:44 | Dr. Wiley!!! · wall_segment Palisade Wall x1 |
| 4:49 | peke · wall_segment Palisade Wall x3 |
| 5:03 | peke · wall_segment Palisade Wall x2 |
| 5:15 | peke · wall_segment Palisade Wall x1 |
| 5:19 | peke · wall_segment Palisade Wall x1 |
| 5:30 | peke · wall_segment Palisade Wall x1 |
| 5:31 | peke · wall_segment Palisade Wall x1 |
| 5:31 | peke · wall_segment Palisade Wall x1 |
| 6:00 | peke · wall_segment Palisade Wall x2 |
| 7:32 | peke · wall_segment Palisade Wall x1 |
| 7:34 | peke · wall_segment Palisade Wall x1 |
| 8:36 | peke · wall_segment Palisade Wall x1 |
| 8:37 | peke · wall_segment Palisade Wall x1 |
| 8:38 | peke · wall_segment Palisade Wall x1 |
| 8:41 | peke · wall_segment Palisade Wall x1 |
| 8:43 | peke · wall_segment Palisade Wall x1 |
| 8:57 | peke · wall_segment Palisade Wall x2 |
| 10:23 | Dr. Wiley!!! · wall_segment Palisade Wall x8 |
| 10:24 | peke · wall_segment Palisade Wall x1 |
| 10:27 | Dr. Wiley!!! · wall_segment Palisade Wall x5 |
| 10:29 | Dr. Wiley!!! · wall_segment Palisade Wall x6 |
| 10:44 | peke · wall_segment Palisade Wall x1 |
| 10:55 | Dr. Wiley!!! · wall_segment Palisade Wall x21 |
| 11:15 | peke · age_up feudal |
| 11:23 | peke · first_building Barracks |
| 12:24 | peke · first_building Archery Range |
| 12:24 | Dr. Wiley!!! · wall_segment Palisade Wall x3 |
| 13:25 | peke · wall_segment Palisade Wall x1 |
| 13:30 | peke · wall_segment Palisade Wall x1 |
| 13:30 | Dr. Wiley!!! · wall_segment Palisade Wall x1 |
| 14:12 | peke · wall_segment Palisade Wall x2 |
| 14:14 | peke · wall_segment Palisade Wall x2 |
| 14:16 | peke · wall_segment Palisade Wall x1 |
| 14:17 | peke · wall_segment Palisade Wall x1 |
| 14:17 | peke · wall_segment Palisade Wall x1 |
| 14:17 | peke · wall_segment Palisade Wall x1 |
| 14:49 | peke · wall_segment Palisade Wall x1 |
| 15:50 | peke · wall_segment Palisade Wall x1 |
| 15:50 | peke · wall_segment Palisade Wall x1 |
| 16:10 | peke · wall_segment Palisade Wall x12 |
| 16:22 | Dr. Wiley!!! · wall_segment Palisade Wall x1 |
| 16:26 | peke · wall_segment Palisade Wall x10 |
| 16:29 | peke · wall_segment Palisade Wall x3 |
| 16:32 | peke · wall_segment Palisade Wall x4 |
| 16:59 | Dr. Wiley!!! · age_up feudal |
| 17:01 | peke · wall_segment Palisade Wall x7 |
| 17:02 | Dr. Wiley!!! · wall_segment Stone Wall x4 |
| 17:03 | Dr. Wiley!!! · wall_segment Stone Wall x1 |
| 17:12 | Dr. Wiley!!! · first_building Stable |
| 17:26 | Dr. Wiley!!! · wall_segment Stone Wall x1 |
| 17:54 | peke · wall_segment Palisade Wall x1 |
| 18:44 | Dr. Wiley!!! · wall_segment Palisade Wall x1 |
| 18:49 | Dr. Wiley!!! · wall_segment Palisade Wall x1 |
| 18:50 | Dr. Wiley!!! · wall_segment Palisade Wall x1 |
| 19:26 | Dr. Wiley!!! · wall_segment Stone Wall x3 |
| 19:28 | Dr. Wiley!!! · wall_segment Stone Wall x4 |
| 19:47 | peke · first_market_sell 100 wood |
| 19:49 | peke · first_market_buy 100 food |
| 22:09 | peke · wall_segment Stone Wall x1 |
| 22:54 | peke · age_up castle |
| 23:02 | Dr. Wiley!!! · first_market_sell 100 stone |
| 23:03 | Dr. Wiley!!! · first_market_buy 100 food |
| 24:14 | peke · first_building Monastery |
| 25:52 | Dr. Wiley!!! · age_up castle |
| 25:58 | Dr. Wiley!!! · first_building Castle |
| 26:50 | Dr. Wiley!!! · wall_segment Palisade Wall x1 |
| 31:05 | Dr. Wiley!!! · first_building Siege Workshop |
| 31:25 | peke · first_building Castle |
| 31:29 | peke · wall_segment Palisade Wall x1 |
| 32:26 | peke · wall_segment Stone Wall x1 |
| 35:25 | peke · wall_segment Stone Wall x1 |
| 37:44 | peke · wall_segment Stone Wall x1 |
| 37:58 | peke · wall_segment Stone Wall x3 |
| 38:30 | peke · age_up imperial |
| 38:41 | peke · wall_segment Stone Wall x1 |
| 45:52 | Dr. Wiley!!! · resign |
[ AI ANALYSIS · 1 CREDIT ]
What really happened in this match?
Wolo.gg analyzes every decision: build order, eco, micro, common mistakes by bracket. Personalized analysis on WhatsApp or Discord in 30 seconds.
Civ guide
Poles
Perfil
Jugador #21733994